 Dungeon Crawl Stone Soup version 0.24.1-14-gf8d2b509d9 (webtiles) character file.

Game seed: 6857186947358735449, levelgen mode: deterministic

260 Hugehornet the Chopper (level 6, -2/37 HPs)
             Began as a Gargoyle Fighter on May 25, 2020.
             Blown up by Ijyb (4 damage)
             ... with a disintegration bolt
             ... on level 3 of the Dungeon.
             The game lasted 00:03:27 (2246 turns).

Hugehornet the Chopper (Gargoyle Fighter)           Turns: 2246, Time: 00:03:27

Health: -2/37      AC: 17    Str: 24    XL:     6   Next: 17%
Magic:  6/6        EV:  5    Int: 11    God:
Gold:   183        SH:  9    Dex:  9    Spells: 5/5 levels left

rFire    . . .     SeeInvis .   a - +0 war axe
rCold    . . .     Gourm    .   c - +0 shield
rNeg     + . .     Faith    .   v - +0 chain mail
rPois    ∞         Spirit   .   (no helmet)
rElec    +         Reflect  .   e - +0 cloak (curse)
rCorr    +         Harm     .   g - +2 pair of gloves
MR       .....                  (no boots)
Stlth    ..........             (no amulet)
HPRegen  0.12/turn              h - ring of resist corrosion
MPRegen  0.10/turn              (no ring)

@: mighty
A: negative energy resistance 1, electricity resistance, unbreathing,
petrification resistance, rot immunity, AC +4
a: no special abilities


You were on level 3 of the Dungeon.
You were not hungry.

You visited 1 branch of the dungeon, and saw 3 of its levels.

You collected 183 gold pieces.

Inventory:

Hand Weapons
 a - a +0 war axe (weapon)
Armour
 b - a +0 scale mail
 c - a +0 shield (worn)
 e - a cursed +0 cloak (worn)
 g - a +2 pair of gloves (worn)
 v - a +0 chain mail (worn)
Jewellery
 h - a ring of resist corrosion (left hand)
Scrolls
 i - 2 scrolls of teleportation {unknown}
 j - a scroll of amnesia {unknown}
 l - 2 scrolls of fog {unknown}
 m - 5 scrolls of identify {unknown}
 q - a scroll of magic mapping {unknown}
 s - 2 scrolls of remove curse {unknown}
Potions
 k - 3 potions of heal wounds
 n - a potion of flight {unknown}
 o - a potion of invisibility {unknown}
 p - a potion of berserk rage {unknown}
 r - a potion of mutation {unknown}
 t - a potion of curing {unknown}
 u - a potion of resistance
Comestibles
 f - 7 rations


   Skills:
 - Level 3.2 Fighting
 + Level 5.7 Axes
 - Level 3.2 Armour
 - Level 3.2 Shields


You had 5 spell levels left.
You didn't know any spells.
Your spell library was empty.

Dungeon Overview and Level Annotations

Branches:
Dungeon (3/15)

Altars:
Yredelemnul

Annotations:
D:3 Ijyb


Innate Abilities, Weirdness & Mutations

You are resistant to torment.
Your stone body is resilient. (AC +4)
You are immune to poison.
You resist negative energy. (rN+)
You are resistant to electric shocks. (rElec)
You can survive without breathing.
You are immune to petrification.
You are immune to rotting.


Message History

You are too injured to fight recklessly!
You are too injured to fight recklessly!
Press: ? - help, v - describe, . - travel
Here: Ijyb, wielding a +0 dagger, wearing a +0 ring mail and carrying a wand of disintegration (10)
The floor.
You feel very mighty all of a sudden. You block Ijyb's attack.
You slash Ijyb!
Ijyb is heavily wounded.
Ijyb closely misses you.
You closely miss Ijyb.
Ijyb is heavily wounded.
Ijyb drinks a potion.
Ijyb is healed!
You closely miss Ijyb.
Ijyb zaps a wand.
You are blasted!
* * * LOW HITPOINT WARNING * * *
You block Ijyb's attack.
You closely miss Ijyb. You block Ijyb's attack.
You closely miss Ijyb. Ijyb hits you but does no damage.
You closely miss Ijyb.
Ijyb zaps a wand.
You are blasted!
You die...

##....=.......
.............
###............. #. .
.................#.##+#.
#.......... ....#......
##........# ............
.......g..# ......(.....
#...@..##............
#......'..........#..
#...)..###........'..
#....#............##.
#....#......#.#.#....
#.......#.###.#.'....
##.............#.#....
#.....#..........+....
###.....#.....####.#....


You could see Ijyb.

Vanquished Creatures
  Grinder (D:3)
  An ooze (D:1)
  A worm (D:2)
  2 dart slugs
  A leopard gecko (D:3)
  An orc (D:3)
  A ball python (D:2)
  6 giant cockroaches
  10 hobgoblins
  2 jackals (D:1)
  2 quokkas (D:2)
  8 bats
  A frilled lizard (D:1)
  6 goblins
  7 kobolds
  9 rats
59 creatures vanquished.

Notes
Turn   | Place    | Note
-------+----------+-------------------------------------------
     0 | D:1      | Hugehornet the Gargoyle Fighter began the quest for the
                  | Orb.
     0 | D:1      | Reached XP level 1. HP: 14/14 MP: 1/1
    79 | D:1      | Reached skill level 2 in Axes
    99 | D:1      | Reached XP level 2. HP: 19/19 MP: 2/2
   221 | D:1      | Reached skill level 3 in Axes
   235 | D:1      | Reached XP level 3. HP: 14/23 MP: 3/3
  1560 | D:2      | Reached XP level 4. HP: 28/28 MP: 4/4
  1883 | D:3      | Found a basalt altar of Yredelemnul.
  1972 | D:3      | Reached skill level 4 in Axes
  2056 | D:3      | Noticed Grinder
  2071 | D:3      | Killed Grinder
  2071 | D:3      | Reached skill level 5 in Axes
  2071 | D:3      | Reached XP level 5. HP: 24/32 MP: 5/5
  2071 | D:3      | Reached XP level 6. HP: 28/37 MP: 6/6
  2232 | D:3      | Noticed Ijyb
  2246 | D:3      | Blown up by Ijyb

Levels and vault maps discovered:
D:1:      minmay_arrival_jagged, layout_rooms
D:2:      layout_loops_ring, minmay_increasing_density
D:3:      layout_basic, first_ration, yredelemnul_altar_generic, uniq_grinder,
          uniq_ijyb

Skill      XL: |  1  2  3  4 |
---------------+-------------+-----
Axes           | 2 3 5 |  5.7
Fighting       | |  3.2
Armour         | |  3.2
Shields        | |  3.2

Action                   |  1- 3 |  4- 6 || total
-------------------------+-------+-------++-------
Melee: War axe           |   144 |    75 ||   219
  Use: Potion            |       |     1 ||     1
  Eat: Chunk             |     2 |     3 ||     5
Armor: Scale mail        |    87 |     5 ||    92
       Chain mail        |       |    41 ||    41
Dodge: Dodged            |    50 |    10 ||    60
Block: Shield            |   108 |    36 ||   144
